 Dungeon Crawl Stone Soup version 0.30-a0-782-ge64f9170bb (webtiles) character file.

Game seed: 4805273296863209244

56 Flugkiller the Trooper (level 3, -1/24 HPs)
             Began as a Deep Elf Chaos Knight on Mar 3, 2023.
             Was a Plaything of Xom.
             Slain by Grinder (3 damage)
             ... on level 3 of the Dungeon.
             The game lasted 00:02:02 (1600 turns).

Flugkiller the Trooper (Deep Elf Chaos Knight)      Turns: 1600, Time: 00:02:03

Health: -1/24      AC:  6    Str:  9    XL:     3   Next: 71%
Magic:  5/5        EV: 12    Int: 16    God:    Xom [..*...]
Gold:   46         SH:  0    Dex: 16    Spells: 2/2 levels left

rFire   + . .      SeeInvis .    o - +4 dagger
rCold   + . .      Faith    .    (no shield)
rNeg    . . .      Spirit   .    b - +2 leather armour
rPois   +          Reflect  .    (no helmet)
rElec   +          Harm     .    (no cloak)
rCorr   +          Rampage  .    (no gloves)
Will    .....                    j - +0 pair of boots
Stlth   +                        (no amulet)
HPRegen 0.24/turn                t - ring of resist corrosion
MPRegen 0.09/turn                (no ring)

@: resistant
A: no striking features
a: Renounce Religion


You were on level 3 of the Dungeon.
You worshipped Xom.
You were a toy of Xom.
You visited 1 branch of the dungeon, and saw 3 of its levels.

You collected 46 gold pieces.

Inventory:

Hand Weapons
 a - a +0 short sword of chaos
 o - a +4 dagger (weapon)
   (You found it on level 2 of the Dungeon)
 q - a +0 dagger of venom
   (You took it off a goblin on level 2 of the Dungeon)
Missiles
 h - 2 throwing nets
Armour
 b - a +2 leather armour (worn)
 j - a +0 pair of boots (worn)
   (You found it on level 1 of the Dungeon)
Jewellery
 t - a ring of resist corrosion (left hand)
   (You found it on level 3 of the Dungeon)
Scrolls
 d - a scroll of brand weapon
 e - a scroll of vulnerability
 f - a scroll of immolation
 g - a scroll of fog {unknown}
 l - a scroll of magic mapping {unknown}
 m - a scroll of blinking {unknown}
 n - a scroll of teleportation {unknown}
 p - a scroll of poison
 r - a scroll of amnesia {unknown}
Potions
 i - a potion of brilliance
 s - a potion of invisibility {unknown}
Miscellaneous
 c - a piece from Xom's chessboard (13/15) (quivered)


   Skills:
 + Level 3.8 Fighting
 - Level 3.2 Short Blades
 - Level 0.7 Armour
 - Level 2.4 Dodging


You had 2 spell levels left.
You didn't know any spells.
Your spell library contained the following spells:

 Spells                   Type           Power      Damage    Failure   Level
 Beastly Appendage        Tmut           0%         N/A       34%         1
 Wereblood                Tmut           0%         N/A       45%         2
 Spider Form              Tmut/Pois      0%         N/A       71%         3


Dungeon Overview and Level Annotations

Branches:
Dungeon (3/15) Zot: 16424

Altars:

Annotations:
D:3 Grinder


Message History

No target in view!
You see here a rat corpse.
A worm comes into view.
The worm closely misses you.
You hit the worm.
The worm is lightly wounded.
You hit the worm.
The worm is heavily wounded.
The worm closely misses you.
You hit the worm.
The worm is heavily wounded.
You hit the worm.
The worm is severely wounded.
The worm bites you!
You hit the worm.
You kill the worm!
You see here a worm corpse.
No target in view!
(D) Dungeon
Where to? (Enter - D:2, ? - help)
A rat comes into view.
The rat barely misses you.
You completely miss the rat. The rat bites you but does no damage.
You hit the rat but do no damage. The rat bites you but does no damage.
You hit the rat.
You kill the rat!
No target in view!
(D) Dungeon
Where to? (Enter - D:3, ? - help)
There is a stone staircase leading down here.
You climb downwards.
There is a stone staircase leading up here.
Unknown command.
A goblin comes into view. It is wielding a +0 dagger.
The goblin shouts!
You hit the goblin.
You kill the goblin!
You see here a +0 dagger.
No target in view!
No target in view!
Found a stone staircase leading down.
Found 4 boomerangs.
Unknown command.
r - a scroll labelled PUORUO XEUME No target in view!
No target in view!
No target in view!
Found a dagger.
You see here 4 boomerangs.
Found a ring mail.
s - a grey potion A goblin comes into view.
It is wielding a +0 club.
The goblin shouts!
You see here a ring of resist corrosion.
The goblin hits you but does no damage.
You puncture the goblin!
You kill the goblin!
No target in view!
t - a ring of resist corrosion Unknown command.
t - a ring of resist corrosion (left hand) Grinder comes into view.
Grinder shouts!
Grinder moves out of view.
Okay, then.
You make a move on Xom's chessboard...
Grinder resists with some effort.
You make a move on Xom's chessboard...
Grinder twists and deforms.
Grinder gestures at you. You resist with significant effort.
Grinder barely misses you.
You puncture Grinder!
Grinder is moderately wounded.
Grinder hits you.
You hit Grinder.
Grinder is moderately wounded.
You hear Xom's avuncular chuckle.
Grinder seems to grow stronger.
You completely miss Grinder.
Grinder is moderately wounded.
Grinder hits you.
You hit Grinder.
Grinder is heavily wounded.
Grinder hits you.
You writhe in agony.
* * * LOW HITPOINT WARNING * * *
You are too injured to fight recklessly!
Unknown command.
Okay, then.
Okay, then.
Okay, then.
Okay, then.
The air fills with toxic fumes!
As you read the scroll labelled VOCSYU JEGEYGG, it crumbles to dust.
It was a scroll of poison.
Grinder hits you.
* * * LOW HITPOINT WARNING * * *
Unknown command.
It was a potion of resistance.
You feel protected. Grinder hits you.
You die...
Xom is highly amused!

########### .....§§§§§#
########## #..§§§§#
#.........
#..##§§########.########
#. #§5§§§§§§§§.# ..
##§@§§§§§§§..# ##
###########.# .# .# # .#
# .. # .. # # .


You could see Grinder (strong, misshapen).

Vanquished Creatures
  An adder (D:2)
  A worm (D:2)
  A dart slug (D:1)
  3 ball pythons
  3 endoplasms
  3 giant cockroaches (D:1)
  5 goblins
  A hobgoblin (D:2)
  2 jackals (D:2)
  2 quokkas (D:1)
  6 bats
  A frilled lizard (D:1)
  4 kobolds
  8 rats
41 creatures vanquished.

Notes
Turn   | Place    | Note
-------+----------+-------------------------------------------
     0 | D:1      | Flugkiller the Deep Elf Chaos Knight began the quest for
                  | the Orb.
     0 | D:1      | Reached XP level 1. HP: 13/13 MP: 3/3
   125 | D:1      | Reached XP level 2. HP: 18/18 MP: 4/4
   791 | D:2      | Reached XP level 3. HP: 23/23 MP: 5/5
   876 | D:2      | a rat changed into a shapeshifter
   876 | D:2      | Noticed a shapeshifter (shapeshifter)
   877 | D:2      | a shapeshifter changed into a basilisk
   877 | D:2      | Noticed a basilisk (shapeshifter)
   879 | D:2      | XOM: silly message
  1586 | D:3      | Noticed Grinder
  1596 | D:3      | XOM: enchant monster (bad)
  1600 | D:3      | Slain by Grinder

Illustrated notes

Levels and vault maps discovered:
D:1:      minmay_arrival_five_plusses, layout_basic
D:2:      minmay_recursive_quarters, layout_basic, minmay_pentomino_r2
D:3:      layout_loops_ring, nicolae_overflow_hidden_temple,
          mainiacjoe_overflow_catwalk, minmay_misc_feat_roman, uniq_grinder

Skill      XL: |  1  2 |
---------------+-------+-----
Fighting       | 3 |  3.8
Short Blades   | |  3.2
Armour         | |  0.7
Dodging        | |  2.4

Action                     || total
---------------------------++-------
  Melee: Short sword       ||   103
         Punch             ||     2
         Dagger            ||    44
  Evoke: Piece from Xom's  ||     2
    Use: Scroll            ||     4
         Potion            ||     2
   Stab: Sleeping          ||     2
         Confused          ||     1
 Armour: Leather armour    ||    41
  Dodge: Dodged            ||    84

Table legend: (Time is in decaauts)
 A = Elapsed time spent in this place.
 B = Non-inter-level travel time spent in this place.
 C = Inter-level travel time spent in this place.
 D = Time resting spent in this place.
 E = Time spent auto-exploring this place.
 F = Levels seen in this place.
 G = Mean time per level.
                   A        B        C        D        E       F      G
               +--------+--------+--------+--------+--------+-----+--------+
         Total |   1574 |   1533 |     41 |     56 |   1098 |   3 |  524.7 |
       Dungeon |   1574 |   1533 |     41 |     56 |   1098 |   3 |  524.7 |
               +--------+--------+--------+--------+--------+-----+--------+

Top non-repeatable levels by time:
     D:2: 780 daAuts
     D:1: 701 daAuts
     D:3: 92 daAuts
